[Event "ICC tourney 2488 (120 10)"]
[Site "Internet Chess Club"]
[Date "2021.04.02"]
[Round "1"]
[White "TANG, VINCENT:VincentT2008"]
[Black "TREUSDELL, ROSS G:IveDoneEnough"]
[Result "0-1"]
[ICCResult "White resigns"]
[WhiteElo "1744"]
[BlackElo "1649"]
[Opening "King's Indian: Sämisch, orthodox, 7.d5"]
[ECO "E87"]
[NIC "KI.41"]
[Time "11:03:45"]
[PlyCount "64"]
[TimeControl "7200+10"]

1. d4 Nf6 2. c4 g6 3. Nc3 Bg7 4. e4 d6 5. f3 O-O 6. Be3 e5 7. d5 Na6 8. Qd2
Ne8 9. g4 c6 10. Nge2 Nac7 11. Ng3 Bd7 12. Be2 cxd5 13. cxd5 b5 14. h4 b4
15. Nd1 a5 16. h5 f6 17. hxg6 hxg6 18. Bh6 Bb5 19. Bxg7 Nxg7 20. Ne3 Bxe2
21. Qxe2 Qd7 22. Nef5 gxf5 23. Nxf5 Nxf5 24. gxf5 Rf7 25. O-O-O Kf8 26.
Rh8+ Ke7 27. Rdh1 Rxh8 28. Rxh8 Nb5 29. Qg2 Nd4 30. Kb1 Qb5 31. Rc8 Qd3+
32. Kc1 Ne2+ { White resigns } 0-1

[Event "ICC tourney 2488 (120 10)"]
[Site "Internet Chess Club"]
[Date "2021.04.02"]
[Round "1"]
[White "AYYAPPAN, SANTHOSH:SanthoshA"]
[Black "GINZBURG, LIORA:Liopleuradon15"]
[Result "1-0"]
[ICCResult "Black resigns"]
[WhiteElo "1661"]
[BlackElo "1507"]
[Opening "Two knights defense (Modern bishop's opening)"]
[ECO "C55"]
[NIC "IG.01"]
[Time "11:03:00"]
[PlyCount "117"]
[TimeControl "7200+10"]

1. e4 e5 2. Nf3 Nc6 3. Bc4 Nf6 4. d3 Be7 5. O-O O-O 6. Nc3 Na5 7. Nxe5 Nxc4
8. Nxc4 d5 9. Nxd5 Nxd5 10. exd5 Qxd5 11. Bf4 c6 12. Re1 Bf6 13. Be5 Bxe5
14. Rxe5 Qd4 15. c3 Qf4 16. Qc1 Qxc1+ 17. Rxc1 Be6 18. Nd2 Rfd8 19. d4 b6
20. a3 Rac8 21. Nf3 Bd5 22. Re3 c5 23. dxc5 Rxc5 24. Rd3 Rcc8 25. Rcd1 Rc7
26. Rxd5 Rxd5 27. Rxd5 Kf8 28. Kf1 f6 29. Ke2 Ke7 30. Kd2 Ke6 31. Rd3 a5
32. Nd4+ Ke7 33. b4 axb4 34. cxb4 g6 35. Rc3 Rd7 36. Ke3 h5 37. Rc6 Ra7 38.
Nb5 Ra6 39. Rc7+ Ke6 40. Ra7 Rxa7 41. Nxa7 Kd5 42. Nb5 Kc4 43. Nd4 g5 44.
Ke4 h4 45. g3 hxg3 46. hxg3 Kc3 47. Nc2 Kc4 48. Kf5 b5 49. Kxf6 Kc3 50. Ne3
Kb3 51. Kxg5 Kxa3 52. Nd5 Kb3 53. Nc7 Kxb4 54. Nxb5 Kxb5 55. f4 Kc5 56. f5
Kd6 57. f6 Kd7 58. Kg6 Ke8 59. Kg7 { Black resigns } 1-0

[Event "ICC tourney 2488 (120 10)"]
[Site "Internet Chess Club"]
[Date "2021.04.02"]
[Round "1"]
[White "FLETCHER, ANDREW JAMES:Draconian"]
[Black "Ananth, Ananya:Ananya22609"]
[Result "1-0"]
[ICCResult "Black checkmated"]
[WhiteElo "1706"]
[BlackElo "1637"]
[Opening "Sicilian: Alapin's variation (2.c3)"]
[ECO "B22"]
[NIC "SI.46"]
[Time "11:03:08"]
[PlyCount "61"]
[TimeControl "7200+10"]

1. e4 c5 2. c3 d5 3. exd5 Qxd5 4. d4 Nc6 5. Nf3 Nf6 6. Na3 Bf5 7. Bc4 Qd8
8. Qb3 e6 9. Qxb7 Rc8 10. Bb5 Qd7 11. Qa6 Bd6 12. Nc4 O-O 13. Nfe5 Qc7 14.
Qxc6 Bxe5 15. Nxe5 Qe7 16. Qa6 cxd4 17. Nc6 Qc7 18. Nxd4 Qe5+ 19. Be3 Nd5
20. O-O Nxe3 21. fxe3 Qxe3+ 22. Kh1 Bg6 23. Rf3 Qg5 24. Raf1 Be4 25. Nxe6
Qd5 26. Nxf8 Rxf8 27. Bc4 Qd7 28. Rxf7 Rxf7 29. Rxf7 Qg4 30. Rf4+ Kh8 31.
Rf8# { Black checkmated } 1-0

[Event "ICC tourney 2488 (120 10)"]
[Site "Internet Chess Club"]
[Date "2021.04.02"]
[Round "1"]
[White "WANG, CHLOE HEATHER:kittycat35"]
[Black "ZHANG, FRED:Fredzhang"]
[Result "1-0"]
[ICCResult "Black checkmated"]
[WhiteElo "1697"]
[BlackElo "1574"]
[Opening "Sicilian"]
[ECO "B56"]
[NIC "SI.25"]
[Time "11:02:59"]
[PlyCount "113"]
[TimeControl "7200+10"]

1. e4 c5 2. Nf3 d6 3. d4 cxd4 4. Nxd4 Nf6 5. Nc3 Nc6 6. g3 e5 7. Nde2 Be6
8. Bg2 Be7 9. O-O O-O 10. h3 Qd7 11. g4 h5 12. g5 Nh7 13. h4 Rfd8 14. Ng3
Bg4 15. f3 Bh3 16. Nxh5 Bxg2 17. Kxg2 g6 18. Ng3 f6 19. f4 exf4 20. Bxf4
fxg5 21. hxg5 Nxg5 22. Bxg5 Qe6 23. Bxe7 Nxe7 24. Nd5 Nxd5 25. Qxd5 Qxd5
26. exd5 Rf8 27. Ne4 Rad8 28. Rxf8+ Kxf8 29. Rf1+ Ke7 30. Rf6 g5 31. Re6+
Kd7 32. Rxd6+ Kc7 33. Rxd8 Kxd8 34. Nxg5 Kd7 35. Kf3 Kd6 36. Ke4 b6 37. c4
a6 38. b4 b5 39. c5+ Kd7 40. Ke5 Kc7 41. d6+ Kd7 42. Kd5 Kc8 43. Ke6 Kd8
44. d7 a5 45. bxa5 b4 46. a6 b3 47. axb3 Kc7 48. Ke7 Kc6 49. d8=Q Kxc5 50.
Ne6+ Kb4 51. Qb6+ Kc3 52. Qd4+ Kc2 53. a7 Kxb3 54. a8=Q Kc2 55. Qc8+ Kb3
56. Qb6+ Ka4 57. Qa8# { Black checkmated } 1-0

[Event "ICC tourney 2488 (120 10)"]
[Site "Internet Chess Club"]
[Date "2021.04.02"]
[Round "1"]
[White "CHANDI, ISHNOOR SINGH:Ishnoor"]
[Black "XIE, DAVID:davidtxie"]
[Result "1/2-1/2"]
[ICCResult "Game drawn by mutual agreement"]
[WhiteElo "1545"]
[BlackElo "1696"]
[Opening "French: King's Indian attack"]
[ECO "C00"]
[NIC "FR.02"]
[Time "11:03:03"]
[PlyCount "66"]
[TimeControl "7200+10"]

1. e4 e6 2. d3 d5 3. Nd2 Nf6 4. Ngf3 c5 5. g3 Nc6 6. Bg2 Qc7 7. O-O Be7 8.
Re1 O-O 9. Nf1 b5 10. exd5 Nxd5 11. Ne3 Nxe3 12. Bxe3 Bb7 13. Qe2 a6 14.
Bf4 Qd7 15. Ne5 Nxe5 16. Bxe5 Bxg2 17. Kxg2 Qd5+ 18. Kg1 Bd6 19. Bc3 Qf5
20. d4 cxd4 21. Bxd4 h5 22. Rad1 Be7 23. h4 Rfd8 24. Bb6 Rxd1 25. Rxd1 Bc5
26. Bxc5 Qxc5 27. Qf3 Rb8 28. Rd7 Qf5 29. Qxf5 exf5 30. Ra7 Rb6 31. Kg2 g6
32. Kf3 Re6 33. b3 Kg7 { Game drawn by mutual agreement } 1/2-1/2

[Event "ICC tourney 2488 (120 10)"]
[Site "Internet Chess Club"]
[Date "2021.04.02"]
[Round "1"]
[White "LIAO, CAITLIN:che8642"]
[Black "ZHU, RYAN:Ryan123455"]
[Result "1/2-1/2"]
[ICCResult "Game drawn by repetition"]
[WhiteElo "1530"]
[BlackElo "1684"]
[Opening "Queen's pawn game"]
[ECO "D00"]
[NIC "QP.07"]
[Time "11:03:47"]
[PlyCount "59"]
[TimeControl "7200+10"]

1. d4 Nf6 2. Nc3 d5 3. Bf4 g6 4. e3 Bg7 5. Be2 h5 6. h4 O-O 7. f3 Re8 8. g4
c6 9. Nh3 Nbd7 10. Bg5 b5 11. a3 a5 12. Nf4 hxg4 13. fxg4 e5 14. dxe5 Nxe5
15. h5 Nexg4 16. hxg6 Nxe3 17. gxf7+ Kxf7 18. Qd2 Nc4 19. Qd3 Ne5 20. Qg3
d4 21. Ne4 Bg4 22. Bxf6 Bxf6 23. Bxg4 Nxg4 24. Qxg4 Rxe4+ 25. Kd2 Qg8 26.
Qh5+ Ke7 27. Qc5+ Kf7 28. Qh5+ Ke7 29. Qc5+ Kf7 30. Qh5+ { Game drawn by
repetition } 1/2-1/2

[Event "ICC tourney 2488 (120 10)"]
[Site "Internet Chess Club"]
[Date "2021.04.02"]
[Round "1"]
[White "CHERUKURI, DEVESH:Deveshc"]
[Black "VALE CRUZ, ARMIN:trucker"]
[Result "0-1"]
[ICCResult "White checkmated"]
[WhiteElo "1520"]
[BlackElo "1664"]
[Opening "Giuoco Piano"]
[ECO "C54"]
[NIC "IG.02"]
[Time "11:03:25"]
[PlyCount "82"]
[TimeControl "7200+10"]

1. e4 e5 2. Nf3 Nc6 3. Bc4 Bc5 4. c3 Nf6 5. d3 d6 6. a4 a6 7. Bb3 O-O 8.
O-O Ba7 9. h3 Ne7 10. Re1 Ng6 11. Be3 Bxe3 12. fxe3 b6 13. Bc2 d5 14. d4
Nxe4 15. c4 Bb7 16. cxd5 Qxd5 17. dxe5 Qc5 18. Bxe4 Bxe4 19. Qd4 Bxf3 20.
Qxc5 bxc5 21. gxf3 Nxe5 22. Kg2 Rab8 23. Re2 Rb6 24. Nc3 Rd8 25. Ne4 c4 26.
f4 Nd3 27. Rb1 Re8 28. Nc3 h5 29. Kf3 Reb8 30. Nd5 Rxb2 31. Rexb2 Rxb2 32.
Rxb2 Nxb2 33. Nxc7 a5 34. Ke4 c3 35. Nb5 c2 36. Nd4 c1=Q 37. Kf3 Qd1+ 38.
Ne2 f5 39. Kf2 Nd3+ 40. Kf3 Qf1+ 41. Kg3 Qf2# { White checkmated } 0-1

[Event "ICC tourney 2488 (120 10)"]
[Site "Internet Chess Club"]
[Date "2021.04.02"]
[Round "1"]
[White "XIONG, LANG:langlglang"]
[Black "VISHWA, SUSHEEL:sushivishwa"]
[Result "0-1"]
[ICCResult "White resigns"]
[WhiteElo "1644"]
[BlackElo "1738"]
[Opening "Dutch"]
[ECO "A80"]
[NIC "HD.12"]
[Time "11:03:11"]
[PlyCount "134"]
[TimeControl "7200+10"]

1. d4 f5 2. Nf3 e6 3. g3 Nf6 4. Bg2 Be7 5. O-O O-O 6. b3 d6 7. Bb2 Qe8 8.
c4 Qh5 9. Nc3 a5 10. Re1 Nc6 11. e4 e5 12. dxe5 dxe5 13. exf5 Bxf5 14. Nxe5
Bg4 15. Nxg4 Nxg4 16. Qd5+ Qf7 17. Qxf7+ Kxf7 18. f4 Bc5+ 19. Kf1 Rfe8 20.
Bd5+ Kf8 21. Rxe8+ Rxe8 22. Ne4 Ne3+ 23. Ke2 Nxd5 24. Kf3 Bd4 25. cxd5 Bxb2
26. Rb1 Nd4+ 27. Ke3 Nf5+ 28. Kd3 Ba3 29. Ng5 Kg8 30. g4 Re3+ 31. Kc4 Nd6+
32. Kd4 Re2 33. Ne6 b6 34. Nxc7 Bc5+ 35. Kd3 Re3+ 36. Kc2 Ne4 37. Rd1 Rc3+
38. Kb2 Rf3 39. Kc2 Bd6 40. Ne6 Nc3 41. Rd4 b5 42. Ng5 Rxf4 43. Rxf4 Bxf4
44. Ne6 Nxd5 45. Nxf4 Nxf4 46. Kc3 Ne6 47. a4 bxa4 48. bxa4 Kf7 49. Kc4 Ke7
50. Kb5 Kd6 51. Kxa5 Kc5 52. Ka6 Kc6 53. a5 Ng5 54. Ka7 Kc7 55. a6 Nh3 56.
Ka8 g5 57. Ka7 Nf4 58. Ka8 Ne6 59. Ka7 Nc5 60. h3 h6 61. h4 gxh4 62. g5
hxg5 63. Ka8 h3 64. a7 Kc6 65. Kb8 Nd7+ 66. Ka8 Kc5 67. Kb7 Nb6 { White
resigns } 0-1

[Event "ICC tourney 2488 (120 10)"]
[Site "Internet Chess Club"]
[Date "2021.04.02"]
[Round "1"]
[White "Martinez, Abraham:Pugnacious"]
[Black "Chen, GEORGE YIMING:oceanicboa"]
[Result "1-0"]
[ICCResult "Black checkmated"]
[WhiteElo "1614"]
[BlackElo "1706"]
[Opening "Queen's pawn game"]
[ECO "D00"]
[NIC "QP.08"]
[Time "11:03:47"]
[PlyCount "77"]
[TimeControl "7200+10"]

1. d4 d5 2. e3 e6 3. Bd3 f5 4. Nf3 Nf6 5. Nbd2 Bd6 6. c4 c6 7. Ne5 O-O 8.
f4 Ne4 9. O-O Nd7 10. Ndf3 Ndf6 11. b3 Bd7 12. a4 Qe7 13. c5 Bc7 14. Bd2
Be8 15. b4 a6 16. Rb1 Bh5 17. Qc2 Bxf3 18. Nxf3 Nd7 19. b5 axb5 20. axb5
Rfb8 21. bxc6 bxc6 22. Rxb8+ Rxb8 23. Rb1 Qd8 24. Qa4 Rxb1+ 25. Bxb1 Qb8
26. Bxe4 dxe4 27. Qxc6 Nf6 28. Qxe6+ Kf8 29. Ne5 Bxe5 30. dxe5 Qb1+ 31. Kf2
Ng4+ 32. Kg3 Qg1 33. Qxf5+ Nf6 34. exf6 g5 35. c6 h5 36. fxg5 h4+ 37. Kh3
Kf7 38. g6+ Kf8 39. Qc8# { Black checkmated } 1-0

[Event "ICC tourney 2488 (120 10)"]
[Site "Internet Chess Club"]
[Date "2021.04.02"]
[Round "1"]
[White "CAO, RAY:rcww2020"]
[Black "Kashyap, Manish B:mnm2"]
[Result "1-0"]
[ICCResult "Black forfeits on time"]
[WhiteElo "1686"]
[BlackElo "1541"]
[Opening "Sicilian"]
[ECO "B56"]
[NIC "SI.25"]
[Time "11:03:47"]
[PlyCount "85"]
[TimeControl "7200+10"]

1. e4 c5 2. Nf3 d6 3. d4 cxd4 4. Nxd4 Nf6 5. Nc3 Nc6 6. Be3 Ng4 7. Bd3 Nxe3
8. fxe3 e5 9. Nf3 Be7 10. O-O O-O 11. Qe2 Be6 12. Rad1 a6 13. Bc4 Qc7 14.
Nd5 Bxd5 15. Bxd5 Nb8 16. Ne1 Nd7 17. Nd3 Nf6 18. c4 Nxd5 19. cxd5 Rac8 20.
Qf3 b5 21. Nb4 Qb6 22. Nc6 Bg5 23. Rde1 Rc7 24. Qg3 Bh6 25. Kh1 Kh8 26. b4
f6 27. Qh3 Rcf7 28. Rf3 Qc7 29. Qe6 Qd7 30. Qxd7 Rxd7 31. Ref1 Rdf7 32. g4
g6 33. h4 Kg7 34. Kg2 Kg8 35. R1f2 Bg7 36. Kf1 h5 37. gxh5 gxh5 38. Rf5 Bh6
39. Ke2 Kg7 40. Rg2+ Kh7 41. Rxh5 Rg7 42. Rxg7+ Kxg7 43. Ne7 { Black
forfeits on time } 1-0

[Event "ICC tourney 2488 (120 10)"]
[Site "Internet Chess Club"]
[Date "2021.04.02"]
[Round "1"]
[White "ZHANG, MULAN JIEMIN:Mulan2009"]
[Black "BENDRE, SOHAN ANUP:sbendre"]
[Result "0-1"]
[ICCResult "White resigns"]
[WhiteElo "1667"]
[BlackElo "1525"]
[Opening "Sicilian: Najdorf"]
[ECO "B90"]
[NIC "SI.14"]
[Time "11:02:51"]
[PlyCount "188"]
[TimeControl "7200+10"]

1. e4 c5 2. Nf3 d6 3. d4 cxd4 4. Nxd4 Nf6 5. Nc3 a6 6. f3 e6 7. Be3 Be7 8.
Qd2 b5 9. g4 Bb7 10. a3 Nfd7 11. O-O-O Nb6 12. Nb3 Nc6 13. Nd4 Ne5 14. Qf2
Nec4 15. Nb3 Nxe3 16. Qxe3 Rc8 17. Kb1 Qc7 18. Qd4 e5 19. Qf2 Ba8 20. Bd3
Nc4 21. f4 Nxa3+ 22. bxa3 Qxc3 23. Qa7 exf4 24. Qxa6 O-O 25. Qa5 Bf6 26.
Qxc3 Rxc3 27. Rhe1 Bc6 28. Bf1 Be5 29. Rd3 Ra8 30. Rxc3 Bxc3 31. Rd1 Be5
32. Bg2 Rxa3 33. Bf3 g6 34. Rd3 b4 35. Kc1 Bb5 36. Rd2 Ba4 37. Bd1 Bxb3 38.
cxb3 Ra1+ 39. Kc2 Ra2+ 40. Kd3 Rxd2+ 41. Kxd2 Kf8 42. Kd3 Ke7 43. Kc4 Bc3
44. Kd5 Kd7 45. Be2 Ke7 46. Bf3 Bd2 47. Be2 Be3 48. Bf3 Bc5 49. h3 f6 50.
Be2 Kf7 51. Bf1 Kg7 52. Ke6 f3 53. Bc4 f2 54. Bf1 Bd4 55. Kxd6 h5 56. gxh5
gxh5 57. Ke6 Kg6 58. h4 Be5 59. Bd3 Kh6 60. Kf5 Bd4 61. Bf1 Be5 62. Bh3 Kg7
63. Bf1 Bg3 64. Bh3 Bxh4 65. Bf1 Bg3 66. Bh3 Kf7 67. Bf1 Ke7 68. Bg2 Be5
69. Kg6 h4 70. Kf5 Kd6 71. Kg4 Kc5 72. Kf3 Kd4 73. Bf1 Kc3 74. Bc4 Bd4 75.
Kg2 Kd2 76. Kf1 h3 77. Bd5 h2 78. e5 fxe5 79. Be4 Kc3 80. Bd5 h1=Q+ 81.
Bxh1 Kxb3 82. Bd5+ Kc2 83. Be4+ Kc3 84. Ke2 b3 85. Bb1 Kb2 86. Bd3 Kc1 87.
Bf5 b2 88. Be4 b1=Q 89. Bxb1 Kxb1 90. Kf1 Kc2 91. Ke2 e4 92. Kf1 Kd1 93.
Kg2 Ke2 94. Kh2 Be5+ { White resigns } 0-1

[Event "ICC tourney 2488 (120 10)"]
[Site "Internet Chess Club"]
[Date "2021.04.02"]
[Round "1"]
[White "BRUDNO, STEPHEN:StevChess01"]
[Black "HANNA, JOHN:jHanna"]
[Result "0-1"]
[ICCResult "White checkmated"]
[WhiteElo "1661"]
[BlackElo "1750"]
[Opening "Benoni: Taimanov variation"]
[ECO "A67"]
[NIC "BI.33"]
[Time "11:03:05"]
[PlyCount "154"]
[TimeControl "7200+10"]

1. d4 Nf6 2. c4 c5 3. d5 e6 4. Nc3 exd5 5. cxd5 d6 6. e4 g6 7. f4 Bg7 8.
Bb5+ Nfd7 9. a4 O-O 10. Nf3 Na6 11. O-O Nb4 12. Re1 a6 13. Be2 Re8 14. Nd2
Nf6 15. h3 h5 16. Bf1 Rb8 17. Nf3 Nd7 18. Na2 Nxa2 19. Rxa2 b5 20. axb5
axb5 21. Bd3 c4 22. Bb1 b4 23. Kh1 Qc7 24. Nd4 Nc5 25. Nf3 Bd7 26. e5 dxe5
27. d6 Qc6 28. fxe5 Be6 29. Bf4 Bd5 30. Ra7 Rb7 31. Rxb7 Qxb7 32. Bg3 Nd7
33. Kh2 Kf8 34. Bc2 b3 35. Bb1 Bxf3 36. Qxf3 Qxf3 37. gxf3 Nxe5 38. Kg2 Nd7
39. Be4 Bxb2 40. Rb1 c3 41. Bf4 Kg7 42. Kf2 Nc5 43. Bc6 Rd8 44. Ke2 f6 45.
Bb5 g5 46. Be3 Rxd6 47. Bxc5 Rd5 48. Be3 Rxb5 49. Kd3 Rc5 50. Bxc5 c2 51.
Rf1 c1=Q 52. Rxc1 Bxc1 53. Kc3 b2 54. Kc2 Kg6 55. Bd4 Kf5 56. Bc3 Ke6 57.
Ba5 f5 58. Bc7 Kd5 59. Bb8 g4 60. fxg4 fxg4 61. hxg4 hxg4 62. Bc7 Ke4 63.
Bd6 Kf3 64. Bc5 g3 65. Bb6 g2 66. Bc5 Ke2 67. Bb6 Kf1 68. Bc5 g1=Q 69. Bxg1
Kxg1 70. Kb1 Kf1 71. Kc2 Ke2 72. Kb1 Kd2 73. Ka2 Kc2 74. Ka3 b1=Q+ 75. Ka4
Be3 76. Ka5 Kc3 77. Ka6 Qb6# { White checkmated } 0-1

[Event "ICC tourney 2488 (120 10)"]
[Site "Internet Chess Club"]
[Date "2021.04.02"]
[Round "1"]
[White "Ramesh, Aadhitya:aadhityaaaaaa"]
[Black "Martinez, Abel:abelMZ084"]
[Result "1-0"]
[ICCResult "Black forfeits on time"]
[WhiteElo "1700"]
[BlackElo "1581"]
[Opening "Queen's pawn game, Darooha variation "]
[ECO "D02"]
[NIC "QP.08"]
[Time "11:03:02"]
[PlyCount "93"]
[TimeControl "7200+10"]

1. d4 d5 2. Nf3 Nf6 3. g3 c6 4. Bg2 Bf5 5. O-O Nbd7 6. Re1 e6 7. c4 Bd6 8.
Nc3 O-O 9. Nh4 Bg6 10. Nxg6 fxg6 11. e4 dxe4 12. Nxe4 Nxe4 13. Bxe4 Qf6 14.
Be3 e5 15. Qg4 exd4 16. Bxd4 Be5 17. Bxe5 Nxe5 18. Qe2 Rae8 19. f4 Nd7 20.
Rad1 Nc5 21. Qg2 Nxe4 22. Rxe4 Rxe4 23. Qxe4 Qf5 24. Qxf5 gxf5 25. Kf2 g6
26. Rd4 c5 27. Rd6 Kg7 28. Ke3 Rf7 29. a3 Rc7 30. Kd3 Kf7 31. b4 b6 32.
bxc5 bxc5 33. Kc3 Ke7 34. Rd5 a6 35. Kb3 Rc6 36. Ka4 h6 37. Ka5 Ke8 38. a4
Ke7 39. Rd3 Re6 40. Rb3 Re4 41. Kxa6 Rxc4 42. Kb5 Rc1 43. a5 c4 44. Re3+
Kd7 45. Kb4 Ra1 46. Rc3 Ra2 47. h4 { Black forfeits on time } 1-0

[Event "ICC tourney 2488 (120 10)"]
[Site "Internet Chess Club"]
[Date "2021.04.02"]
[Round "1"]
[White "Kashyap, Mahati B:mnm1"]
[Black "GUNN, HAN:Han366"]
[Result "0-1"]
[ICCResult "White resigns"]
[WhiteElo "1580"]
[BlackElo "1700"]
[Opening "French: Tarrasch, open variation"]
[ECO "C07"]
[NIC "FR.18"]
[Time "11:03:04"]
[PlyCount "86"]
[TimeControl "7200+10"]

1. e4 e6 2. d4 d5 3. Nd2 c5 4. c3 cxd4 5. cxd4 dxe4 6. Nxe4 Nf6 7. Bd3 Be7
8. Nf3 Nbd7 9. O-O O-O 10. Ne5 Nxe4 11. Bxe4 Nf6 12. Bf3 Nd5 13. Be3 f6 14.
Nd3 Bd7 15. Qb3 Bc6 16. Rfe1 Qd7 17. Qc2 Rac8 18. Qd2 Rfe8 19. Rac1 Bd6 20.
h3 Rcd8 21. a3 Bb8 22. Nf4 Qd6 23. g3 Nxf4 24. Bxf4 e5 25. Bxc6 bxc6 26.
Be3 Bc7 27. Rcd1 Qe6 28. Kh2 Qf5 29. Qe2 h5 30. Qc4+ Kh8 31. Qxc6 Bb8 32.
d5 h4 33. g4 e4+ 34. Kg1 Qf3 35. d6 Qxh3 36. Bc5 Qxg4+ 37. Kf1 h3 38. d7
Qg2+ 39. Ke2 Qg4+ 40. Kf1 Re6 41. Bd6 Bxd6 42. Rxd6 h2 43. Qxe4 Rxe4 {
White resigns } 0-1

[Event "ICC tourney 2488 (120 10)"]
[Site "Internet Chess Club"]
[Date "2021.04.02"]
[Round "2"]
[White "TREUSDELL, ROSS G:IveDoneEnough"]
[Black "Ramesh, Aadhitya:aadhityaaaaaa"]
[Result "0-1"]
[ICCResult "White resigns"]
[WhiteElo "1649"]
[BlackElo "1700"]
[Opening "King's gambit"]
[ECO "C30"]
[NIC "KG.05"]
[Time "16:17:38"]
[PlyCount "56"]
[TimeControl "7200+10"]

1. e4 e5 2. f4 Nc6 3. Nf3 d6 4. Bc4 exf4 5. d4 h6 6. Bxf4 Bg4 7. c3 Be7 8.
O-O Nf6 9. Qb3 O-O 10. Qxb7 Na5 11. Qa6 Nxc4 12. Qxc4 Nxe4 13. Nbd2 Nf6 14.
Rae1 Be6 15. Qd3 Qd7 16. c4 Rfe8 17. d5 Bf5 18. Qc3 Nh5 19. Be3 Bf6 20. Bd4
Rxe1 21. Rxe1 Re8 22. Rf1 Nf4 23. Rf2 Ne2+ 24. Rxe2 Rxe2 25. Bxf6 gxf6 26.
Qxf6 Bg6 27. Qh4 h5 28. Qd4 Qg4 { White resigns } 0-1

[Event "ICC tourney 2488 (120 10)"]
[Site "Internet Chess Club"]
[Date "2021.04.02"]
[Round "2"]
[White "LIAO, CONNOR:che2468"]
[Black "THOMAS, MICHAEL G:chesslin"]
[Result "0-1"]
[ICCResult "White checkmated"]
[WhiteElo "1488"]
[BlackElo "1723"]
[Opening "Robatsch (modern) defense"]
[ECO "A40"]
[NIC "KF.05"]
[Time "16:17:57"]
[PlyCount "84"]
[TimeControl "7200+10"]

1. d4 g6 2. e4 Bg7 3. Bg5 h6 4. Bf4 d6 5. Nc3 Nd7 6. Qd2 e5 7. dxe5 dxe5 8.
Be3 Ngf6 9. O-O-O Ng4 10. Bc4 O-O 11. Nge2 c6 12. h3 Nxe3 13. fxe3 b5 14.
Bb3 Qb6 15. Rhf1 Nc5 16. Rf3 a5 17. Rdf1 Ra7 18. a3 b4 19. Na4 Nxa4 20.
Bxa4 bxa3 21. bxa3 Rb7 22. Nc3 Qb2+ 23. Kd1 Rd7 24. Nd5 cxd5 25. Bxd7 Bxd7
26. Qxd5 Be6 27. Qd3 Qb8 28. Ke1 Qc8 29. R1f2 Rd8 30. Qb5 Qc3+ 31. Rd2 Rxd2
32. Qb8+ Rd8+ 33. Kf2 Rxb8 34. Kg3 Qe1+ 35. Rf2 Qxe3+ 36. Rf3 Qxe4 37. a4
Qxc2 38. h4 e4 39. Rf2 Be5+ 40. Rf4 Rb2 41. h5 Qxg2+ 42. Kh4 g5# { White
checkmated } 0-1

[Event "ICC tourney 2488 (120 10)"]
[Site "Internet Chess Club"]
[Date "2021.04.02"]
[Round "2"]
[White "ZHANG, FRED:Fredzhang"]
[Black "ZHANG, MULAN JIEMIN:Mulan2009"]
[Result "1/2-1/2"]
[ICCResult "Game drawn by repetition"]
[WhiteElo "1574"]
[BlackElo "1667"]
[Opening "French: Two knights variation"]
[ECO "C00"]
[NIC "FR.01"]
[Time "16:17:47"]
[PlyCount "153"]
[TimeControl "7200+10"]

1. e4 e6 2. Nf3 d5 3. Nc3 dxe4 4. Nxe4 Nf6 5. Nxf6+ Qxf6 6. Bc4 e5 7. d3
Bg4 8. Bg5 Bxf3 9. Qxf3 Qxf3 10. gxf3 f6 11. Be3 Nc6 12. O-O-O O-O-O 13. c3
a6 14. d4 exd4 15. Bxd4 Nxd4 16. cxd4 b5 17. Be6+ Kb7 18. f4 Bd6 19. f5
Bf4+ 20. Kc2 g5 21. h4 h6 22. Kc3 gxh4 23. Rxh4 Bg5 24. Rg4 h5 25. Re4 h4
26. Rh1 h3 27. Kd3 h2 28. f4 Bh4 29. Rxh2 Bg3 30. Rxh8 Rxh8 31. Ke3 Rh3 32.
Kf3 Bh4+ 33. Kg4 Rh2 34. Bd5+ Ka7 35. Re7 Kb6 36. Rh7 Bg3 37. Rxh2 Bxh2 38.
Kf3 Bg1 39. Ke4 c6 40. Be6 a5 41. d5 Bc5 42. dxc6 Kxc6 43. Bd5+ Kd6 44. a3
a4 45. Bf7 Bf2 46. Be8 Kc5 47. Bf7 Be1 48. Bd5 Bd2 49. b4+ Kb6 50. Kd3 Bc1
51. Kc2 Bxa3 52. Kc3 Bc1 53. Bf3 Bxf4 54. Kb2 Be5+ 55. Ka2 Bc3 56. Ka3 Bd2
57. Be2 Kc6 58. Bf3+ Kb6 59. Be2 Bc1+ 60. Ka2 a3 61. Kb3 Kc6 62. Bd3 Bb2
63. Bf1 Bc1 64. Bd3 Bb2 65. Bf1 Bc1 66. Bd3 Bb2 67. Bf1 Bc1 68. Bd3 Bb2 69.
Bf1 Kb6 70. Be2 Kc6 71. Bf1 Bc1 72. Bd3 Kb6 73. Bf1 Bb2 74. Bd3 Kc6 75. Bf1
Bc1 76. Bd3 Bb2 77. Bf1 { Game drawn by repetition } 1/2-1/2

[Event "ICC tourney 2488 (120 10)"]
[Site "Internet Chess Club"]
[Date "2021.04.02"]
[Round "2"]
[White "VALE CRUZ, ARMIN:trucker"]
[Black "FLETCHER, ANDREW JAMES:Draconian"]
[Result "1-0"]
[ICCResult "Black resigns"]
[WhiteElo "1664"]
[BlackElo "1706"]
[Opening "Sicilian: Labourdonnais-Löwenthal variation"]
[ECO "B32"]
[NIC "SI.32"]
[Time "16:17:47"]
[PlyCount "62"]
[TimeControl "7200+10"]

1. e4 c5 2. Nf3 Nc6 3. d4 cxd4 4. Nxd4 e5 5. Nb5 Nf6 6. N1c3 d6 7. Nd5 Nxd5
8. exd5 Ne7 9. c4 Ng6 10. g3 Be7 11. h4 O-O 12. a3 f5 13. h5 Nh8 14. f4
exf4 15. Bxf4 Bg5 16. Qd2 Bxf4 17. gxf4 Re8+ 18. Be2 Qe7 19. Rh2 Nf7 20.
O-O-O a6 21. Nd4 Bd7 22. Rg1 Nh6 23. Rhg2 Ng4 24. Bxg4 fxg4 25. f5 Rac8 26.
Rxg4 Rxc4+ 27. Kb1 Qe5 28. Rxg7+ Kh8 29. Qg5 Bxf5+ 30. Nxf5 Rg4 31. Qxg4
Qxb2+ { Black resigns } 1-0

[Event "ICC tourney 2488 (120 10)"]
[Site "Internet Chess Club"]
[Date "2021.04.02"]
[Round "2"]
[White "ZHU, RYAN:Ryan123455"]
[Black "CHANDI, ISHNOOR SINGH:Ishnoor"]
[Result "0-1"]
[ICCResult "White resigns"]
[WhiteElo "1684"]
[BlackElo "1545"]
[Opening "French: Steinitz variation"]
[ECO "C11"]
[NIC "FR.04"]
[Time "16:18:12"]
[PlyCount "82"]
[TimeControl "7200+10"]

1. e4 e6 2. d4 d5 3. Nc3 Nf6 4. e5 Nfd7 5. f4 c5 6. Nf3 cxd4 7. Nxd4 Nc6 8.
Be3 Bc5 9. Qd2 Nxd4 10. Bxd4 Bxd4 11. Qxd4 Qb6 12. O-O-O a6 13. g3 Qxd4 14.
Rxd4 b5 15. a3 Ke7 16. Bg2 Nb6 17. b3 Bd7 18. Rhd1 Ra7 19. R1d2 a5 20. Bf1
a4 21. Bxb5 axb3 22. Bxd7 Nxd7 23. cxb3 Rxa3 24. Kb2 Ra5 25. Ra4 Rha8 26.
Rxa5 Rxa5 27. b4 Ra7 28. Kb3 Rb7 29. Ka4 Nb6+ 30. Kb3 Kd7 31. Ne4 Kc6 32.
b5+ Kc7 33. Nc5 Nc4 34. Na6+ Kb6 35. Ra2 Kxb5 36. Nb4 Kc5 37. Ra4 h5 38. h3
h4 39. gxh4 g6 40. Kc3 d4+ 41. Kb3 Rb8 { White resigns } 0-1

[Event "ICC tourney 2488 (120 10)"]
[Site "Internet Chess Club"]
[Date "2021.04.02"]
[Round "2"]
[White "HANNA, JOHN:jHanna"]
[Black "CAO, RAY:rcww2020"]
[Result "0-1"]
[ICCResult "White resigns"]
[WhiteElo "1750"]
[BlackElo "1686"]
[Opening "Old Benoni defense"]
[ECO "A44"]
[NIC "OI.09"]
[Time "16:18:05"]
[PlyCount "70"]
[TimeControl "7200+10"]

1. d4 c5 2. d5 e5 3. c4 d6 4. Nc3 Be7 5. e4 Nf6 6. g3 Nbd7 7. Bg2 a6 8. a4
O-O 9. Nge2 Ne8 10. O-O g6 11. Bh6 Ng7 12. Qd2 f5 13. f4 Rf7 14. Kh1 Qe8
15. Ng1 Bf6 16. Nf3 exf4 17. Qxf4 Bxc3 18. Ng5 Be5 19. Qe3 Re7 20. Rae1 Nf6
21. Bxg7 Kxg7 22. exf5 Bxf5 23. Nf3 Rd8 24. Nh4 Bc8 25. Qg5 h6 26. Qd2 Qf7
27. Be4 g5 28. Ng6 Ree8 29. Bc2 Bd4 30. Qd3 Rxe1 31. Rxe1 Re8 32. Rf1 Bh3
33. Nf4 Bxf1 34. Ne6+ Rxe6 35. Qf5 Re1 { White resigns } 0-1